 Dungeon Crawl Stone Soup version 0.27-a0-1296-g8ece459b43 (webtiles) character file.

Game seed: 12413750787665590923

37 27snakeeyes612 the Shield-Bearer (level 3, -2/20 HPs)
             Began as a Vine Stalker Fighter on June 16, 2021.
             Slain by a gnoll (9 damage)
             ... on level 1 of the Dungeon.
             The game lasted 00:02:58 (911 turns).

27snakeeyes612 the Shield-Bearer (VSFi)              Turns: 911, Time: 00:02:58

Health: -2/20      AC:  9    Str: 19    XL:     3   Next: 41%
Magic:  0/4        EV:  5    Int:  8    God:
Gold:   42         SH:  9    Dex: 13    Spells: 2/2 levels left

rFire    . . .     SeeInvis .   a - +0 flail
rCold    . . .     Faith    .   c - +0 kite shield
rNeg     . . .     Spirit   +   j - +0 chain mail
rPois    .         Reflect  .   (no helmet)
rElec    .         Harm     .   (no cloak)
rCorr    .         Rampage  .   (no gloves)
Will     .....                  (no boots)
Stlth    ..........             (no amulet)
HPRegen  0.06/turn              (no ring)
MPRegen  0.09/turn              (no ring)

@: mighty
A: fangs 2, magic shield, antimagic bite, no potion heal 2
a: no special abilities


You were on level 1 of the Dungeon.
You visited 1 branch of the dungeon, and saw 2 of its levels.

You collected 42 gold pieces.

Inventory:

Hand Weapons
 a - a +0 flail (weapon)
Armour
 b - a +0 scale mail
 c - a +0 kite shield (worn)
 j - a +0 chain mail (worn)
Scrolls
 e - a scroll of acquirement {unknown}
 f - a scroll of teleportation {unknown}
 h - a scroll of torment {unknown}
Potions
 g - a potion of magic {unknown}
 i - a potion of attraction {unknown}


   Skills:
 + Level 3.0 Fighting
 + Level 2.1 Maces & Flails
 + Level 2.7 Armour
 + Level 3.1 Shields


You had 2 spell levels left.
You didn't know any spells.
Your spell library was empty.

Dungeon Overview and Level Annotations

Branches:
Dungeon (2/15)

Altars:


Innate Abilities, Weirdness & Mutations

You have extremely sharp teeth.
When hurt, damage is shared between your health and your magic reserves.
Your bite disrupts and absorbs the magic of your enemies.
Potions cannot restore your health.


Message History

The goblin moves out of view.
A frilled lizard comes into view.
The frilled lizard hisses angrily.
The goblin hits you but does no damage.
Your shield and chain mail prevent you from hitting the goblin.
You bite the goblin.
You kill the goblin!
You block the frilled lizard's attack.
You sock the frilled lizard!
You kill the frilled lizard!
Things that are here:
a +3 dagger; a frilled lizard corpse; a goblin corpse A gnoll comes into view.
It is wielding a +0 halberd.
The gnoll shouts!
You hear a shout! x2
A gnoll comes into view. It is wielding a +0 flail.
The gnoll shouts!
A gnoll comes into view. It is wielding a +0 flail.
A gnoll comes into view. It is wielding a +0 flail.
A quokka comes into view.
The gnoll shouts!
The gnoll hits you from afar with a +0 halberd.
There is a stone staircase leading up here.
The gnoll hits you but does no damage. The gnoll hits you but does no damage.
You climb upwards.
There is a stone staircase leading down here.
You climb downwards.
You block the gnoll's attack.
There is a stone staircase leading up here.
You block the gnoll's attack. The gnoll hits you with a +0 flail.
You climb upwards.
There is a stone staircase leading down here.
You block the gnoll's attack. The gnoll barely misses you.
The gnoll hits you with a +0 flail! The gnoll hits you but does no damage.
Unknown command.
The gnoll hits you but does no damage.
You feel very mighty all of a sudden.
The gnoll hits you from afar with a +0 halberd.
The gnoll hits you with a +0 flail!
You die...

#########.#..((#.#.##.#### ######
..........####.#.#....)..#
########.......#....####.##
#....#.####.#### ##..#
######.####....).######...#######
........).......................#
##..######.....########.........#
##.## #####.##########...>...#
...# #..@gg.............# >###
#############......# ## #......#
#.(....# #......# ########


You could see 2 gnolls.

Vanquished Creatures
  4 endoplasms (D:1)
  6 goblins
  5 hobgoblins (D:1)
  4 jackals (D:1)
  A quokka (D:1)
  3 bats (D:1)
  5 frilled lizards
  4 kobolds (D:1)
32 creatures vanquished.

Notes
Turn   | Place    | Note
-------+----------+-------------------------------------------
     0 | D:1      | 27snakeeyes612 the Vine Stalker Fighter began the quest for
                  | the Orb.
     0 | D:1      | Reached XP level 1. HP: 11/11 MP: 2/2
    51 | D:1      | Reached XP level 2. HP: 14/16 MP: 3/3
   345 | D:1      | Reached XP level 3. HP: 19/20 MP: 4/4
   911 | D:1      | Slain by a gnoll

Illustrated notes

Levels and vault maps discovered:
D:1:      sevenhm_arrival_forest_fort_small_4, layout_rooms, minmay_heptomino_l4
D:2:      layout_loops_cross, minmay_close_crescents, uniq_crazy_yiuf_cottage

Skill      XL: |  1  2  3 |
---------------+----------+-----
Fighting       | 3 |  3.0
Shields        | 3 |  3.1
Maces & Flails | 2 |  2.1
Armour         | |  2.7

Action                   || total
-------------------------++-------
Melee: Flail             ||    85
       Bite              ||    25
  Use: Potion            ||     1
Armor: Scale mail        ||    35
       Chain mail        ||     5
Dodge: Dodged            ||    28
Block: Kite shield       ||    42

Table legend: (Time is in decaauts)
 A = Elapsed time spent in this place.
 B = Non-inter-level travel time spent in this place.
 C = Inter-level travel time spent in this place.
 D = Time resting spent in this place.
 E = Time spent auto-exploring this place.
 F = Levels seen in this place.
 G = Mean time per level.
                   A        B        C        D        E       F      G
               +--------+--------+--------+--------+--------+-----+--------+
         Total |    969 |    899 |     70 |    128 |     73 |   2 |  484.5 |
       Dungeon |    969 |    899 |     70 |    128 |     73 |   2 |  484.5 |
               +--------+--------+--------+--------+--------+-----+--------+

Top non-repeatable levels by time:
     D:1: 850 daAuts
     D:2: 118 daAuts
